 Dungeon Crawl Stone Soup version 0.23-a0-296-ga3b1b28 (webtiles) character file.

60 Avernum the Conjurer (level 3, -4/19 HPs)
             Began as a Deep Elf Conjurer on Oct 6, 2018.
             Killed by nerve-wracking pain
             ... invoked by Grinder
              (12 damage)
             ... on level 3 of the Dungeon.
             The game lasted 00:04:13 (1773 turns).

Avernum the Conjurer (Deep Elf Conjurer)            Turns: 1773, Time: 00:04:15

Health: -4/19      AC:  2    Str:  5    XL:     3   Next: 80%
Magic:  2/9        EV: 13    Int: 20    God:
Gold:   134        SH:  4    Dex: 17    Spells: 5/8 levels left

rFire    . . .     SeeInvis .   (no weapon)
rCold    . . .     Gourm    .   (no shield)
rNeg     . . .     Faith    .   a - +0 robe
rPois    .         Spirit   .   (no helmet)
rElec    .         Reflect  +   (no cloak)
rCorr    .         Harm     .   (no gloves)
MR       .....                  (no boots)
Stlth    ++........             b - +4 amulet of reflection
HPRegen  0.06/turn              h - +2 ring of dexterity
MPRegen  0.11/turn              (no ring)

@: no status effects
A: no striking features
a: no special abilities


You were on level 3 of the Dungeon.
You were not hungry.

You visited 1 branch of the dungeon, and saw 3 of its levels.

You collected 134 gold pieces.

Inventory:

Armour
 a - a +0 robe (worn)
Jewellery
 b - a +4 amulet of reflection (around neck)
 h - a +2 ring of dexterity (left hand)
Scrolls
 g - 2 scrolls of identify {unknown}
 i - 2 scrolls of teleportation {unknown}
 j - a scroll of immolation {unknown}
Potions
 d - a potion of curing {unknown}
 e - a potion of might {unknown}
 f - 2 potions of ambrosia {unknown}
Comestibles
 c - 3 rations
 k - 3 chunks of flesh


   Skills:
 - Level 2.4 Dodging
 - Level 2.4 Stealth
 - Level 3.0 Spellcasting
 * Level 6.0 Conjurations


You had 5 spell levels left.
You knew the following spells:

 Your Spells              Type           Power        Failure   Level  Hunger
a - Magic Dart            Conj           ####         1%          1    None
b - Searing Ray           Conj           ####..       1%          2    ##.....

Your spell library contained the following spells:

 Spells                   Type           Power        Failure   Level  Hunger
 Dazzling Spray           Conj/Hex       ###...       12%         3    ###....
 Iskenderun's Mystic Bla  Conj           ####....     12%         4    ####...
 Force Lance              Conj/Tloc      ###.....     38%         4    ####...
 Fulminant Prism          Conj/Hex       ###.......   38%         4    ####...


Dungeon Overview and Level Annotations

Branches:
Dungeon (3/15)

Altars:
Cheibriados

Annotations:
D:3 Grinder


Message History

Grinder gestures at you.
You shrug off the repeated paralysis!
Casting: Searing Ray (safe; 1% risk of failure)
Confirm with . or Enter, or press ? or * to list all spells.
Aiming: Searing Ray (safe; 1% risk of failure)
Press: ? - help, Shift-Dir - straight line, f/p - Grinder
Aim: Grinder (moderately wounded)
The searing ray hits Grinder.
Grinder is heavily wounded. (Press . to maintain the ray.)
You block the giant cockroach's attack.
Grinder says, "What is the universe for?"
Grinder hits you.
You writhe in agony.
The searing ray hits Grinder.
Grinder is severely wounded.
The giant cockroach barely misses you. Grinder gestures at you.
Pain shoots through your body!
Ouch! That really hurt!
You die...

##..#
##...####
##.......
##.......##
#.........#
+....."...+
#....s5...#
#...@...#
##.....##
##.>.##
##+##


You could see Grinder and a giant cockroach.

Vanquished Creatures
  2 adders (D:2)
  An ooze (D:1)
  3 dart slugs
  2 leopard geckos (D:2)
  2 giant cockroaches (D:1)
  5 goblins
  A hobgoblin (D:1)
  4 bats
  3 frilled lizards
  4 kobolds
  6 rats
33 creatures vanquished.

Notes
Turn   | Place    | Note
-------+----------+-------------------------------------------
     0 | D:1      | Avernum the Deep Elf Conjurer began the quest for the Orb.
     0 | D:1      | Reached XP level 1. HP: 10/10 MP: 6/6
    57 | D:1      | Found a snail-covered altar of Cheibriados.
   240 | D:1      | Reached XP level 2. HP: 15/15 MP: 2/8
   242 | D:1      | Reached skill level 5 in Conjurations
   488 | D:1      | Learned a level 2 spell: Searing Ray
   935 | D:2      | Found a faded altar of an unknown god.
  1005 | D:2      | Reached XP level 3. HP: 19/19 MP: 5/9
  1498 | D:2      | Reached skill level 6 in Conjurations
  1764 | D:3      | Noticed Grinder
  1768 | D:3      | Paralysed by Grinder for 3 turns
  1773 | D:3      | Killed from afar by Grinder

Vault maps used:
D:1:      dpeg_arrival_triangle_fractal, cheibriados_altar_1
D:2:      chequers_ecumenical_altar_simple_redux
D:3:      minivault_11, item_on_display_a, uniq_grinder

Skill      XL: |  1  2  3 |
---------------+----------+-----
Conjurations   | 5 6 |  6.0
Dodging        | |  2.4
Stealth        | |  2.4
Spellcasting   | |  3.0

Action                   || total
-------------------------++-------
 Cast: Magic Dart        ||    68
       Searing Ray       ||     2
  Eat: Chunk             ||     2
Armor: Robe              ||     4
Dodge: Dodged            ||     9
Block: Other             ||     1

Table legend:
 A = Non-vault XP
 B = Vault XP
 C = Vault XP percentage of total XP
 D = Non-vault monster count
 E = Vault monster count
 F = Vault count percentage of total count
                 A         B        C        D         E       F
            +---------+---------+-------+---------+---------+-------
      Total |      86 |       0 |   0.0 |      33 |       0 |   0.0
            +---------+---------+-------+---------+---------+-------
        D:1 |      36 |       0 |   0.0 |      18 |       0 |   0.0
        D:2 |      50 |       0 |   0.0 |      15 |       0 |   0.0
            +---------+---------+-------+---------+---------+-------
